 Dungeon Crawl Stone Soup version 0.19.0-26-g9e9c210 (webtiles) character file.

7871 equalderp2856 the Ripper (level 11, -17/47 HPs)
             Began as a Felid Fighter on Nov 23, 2016.
             Shot with an arrow by a centaur warrior (21 damage)
             ... on level 1 of the Depths.
             The game lasted 02:17:11 (32824 turns).

equalderp2856 the Ripper (Felid Fighter)           Turns: 32824, Time: 02:17:12

Health: -17/47     AC:  3    Str: 16    XL:     11   Next: 2%
Magic:  13/13      EV: 27    Int: 12    God:
Gold:   873        SH:  0    Dex: 16    Spells: 1 memorised, 10 levels left
                                        Lives:  0   Deaths: 2

rFire  . . .     SeeInvis +       - Unarmed
rCold  + . .     Gourm    .     (armour unavailable)
rNeg   . . .     Faith    .     (shield unavailable)
rPois  +         Spirit   .     (helmet unavailable)
rElec  .         Reflect  .     (cloak unavailable)
rCorr  .         Harm     .     (gloves unavailable)
MR     +....                    (boots unavailable)
Stlth  ++++++....               H - amulet of magic regeneration
                                G - +2 ring of strength
                                Q - ring of poison resistance

@: about to teleport, quick
A: no armour, no weapons or thrown items, stealth, claws 1, fangs 3, see
invisible, carnivore 3, speed 1, shaggy fur 3, slow metabolism 1, sharp paws
a: no special abilities


You were on level 1 of the Depths.
You were not hungry.

You visited 3 branches of the dungeon, and saw 17 of its levels.
You also visited: Sewer and Ossuary.

You collected 905 gold pieces.
You spent 32 gold pieces at shops.

Inventory:

Hand Weapons
 E - a +0 blowgun
Missiles
 g - 89 poisoned needles
 q - 383 arrows
 W - 5 curare-tipped needles
Jewellery
 o - an uncursed amulet of the gourmand {unknown}
 v - an uncursed ring of positive energy
 x - an uncursed amulet of regeneration
 B - an uncursed ring of wizardry {unknown}
 G - a +2 ring of strength (right paw)
 H - an amulet of magic regeneration (around neck)
 Q - a ring of poison resistance (left paw)
 V - an uncursed amulet of guardian spirit {unknown}
Wands
 h - a wand of lightning (0/15)
 r - a wand of enslavement (2/24)
 y - a wand of iceblast (0/15)
 A - a wand of lightning (10/15)
 C - a wand of iceblast (0/15)
 D - a wand of flame (0/48)
 O - a wand of digging (7/24)
 X - a wand of slowing (27/48)
Scrolls
 j - 7 scrolls of identify
 k - 4 scrolls of remove curse
 m - 4 scrolls of immolation
 u - 3 scrolls of enchant armour {unknown}
 K - 3 scrolls of random uselessness
 M - 2 scrolls of amnesia
 P - a scroll of torment {unknown}
 R - a scroll of recharging
 S - 2 scrolls of fog {unknown}
 T - 5 scrolls of blinking
 Z - a scroll of summoning
Potions
 a - 3 potions of might
 c - 6 potions of degeneration
 d - 3 potions of haste
 e - a potion of cure mutation {unknown}
 l - 2 potions of mutation {unknown}
 n - 3 potions of brilliance {unknown}
 p - a potion of magic {unknown}
 s - 4 potions of lignification {unknown}
 w - a potion of curing
 z - 8 potions of flight {unknown}
 J - a potion of berserk rage {unknown}
 L - 2 potions of agility {unknown}
 N - 2 potions of resistance
Books
 F - a book of Spatial Translocations

   Spells                             Type                      Level
   a - Blink                          Translocation                2
   b - Shroud of Golubria             Charms/Translocation         2
   c - Lesser Beckoning               Translocation                3
   d - Portal Projectile              Translocation                3
   e - Teleport Other                 Translocation                3
   f - Passage of Golubria            Translocation                4
Comestibles
 b - 7 meat rations
 f - 3 bread rations
 t - 11 beef jerkies
 I - a slice of pizza
 U - 7 fruits
 Y - 10 royal jellies


   Skills:
 + Level 5.1 Fighting
 + Level 11.4 Dodging
 + Level 13.1 Stealth
 + Level 16.6 Unarmed Combat
 + Level 1.2 Spellcasting
 + Level 3.1 Translocations
 + Level 2.5 Evocations


You had 10 spell levels left.
You knew the following spells:

 Your Spells              Type           Power        Failure   Level  Hunger
a - Blink                 Tloc           N/A          14%         2    ###....


Dungeon Overview and Level Annotations

Branches:
Dungeon (15/15)            Temple (1/1) D:5            Lair (0/6) D:11
    Orc (0/2) D:10         Depths (1/5) D:15
 Vaults: D:13-14

Altars:
Ashenzari
Cheibriados
Dithmenos
Elyvilon
Fedhas
Gozag
Hepliaklqana
Kikubaaqudgha
Makhleb
Nemelex Xobeh
Okawaru
Qazlal
Ru
Sif Muna
Trog
Uskayaw
Vehumet
Xom
Yredelemnul
Zin
The Shining One

Shops:
D:6 *%!=   D:10 *   Depths:1 ?

Annotations:
D:11 Psyche
D:12 Rupert
Depths:1 Jorgrun


Innate Abilities, Weirdness & Mutations

You cannot wear armour.
You are incapable of wielding weapons or throwing items.
Your paws allow you to move quietly. (Stealth)
You have sharp claws.
You have razor-sharp teeth.
You have supernaturally acute eyesight. (SInv)
You are carnivorous and can eat meat at any time.
You cover ground quickly.
Your thick and shaggy fur keeps you warm. (AC +3, rC+)
You have a slow metabolism.
Your sharp claws are effective at attacking unaware monsters.


Message History

The slime creature is heavily wounded.
The slime creature quivers. x2
You hear a shout! x3; The tengu warrior shouts!
You hear a shout!
Two slime creatures merge to form a large slime creature.
A centaur warrior and a tengu warrior come into view.
The centaur warrior moves out of view.
Two slime creatures merge to form a large slime creature.
Why would you want to do that?
Two slime creatures merge to form a very large slime creature.
A rakshasa comes into view. It is wielding a whip.
You see here a chain mail.
The centaur warrior wields a runed longbow.
The centaur warrior shoots an arrow.
The arrow hits you!!
* * * LOW HITPOINT WARNING * * *
x2 You see here an arrow.
As you read the scroll of teleportation, it crumbles to dust.
You feel strangely unstable.
The centaur warrior shoots an arrow.
The arrow completely misses you.
The centaur warrior shoots an arrow.
The arrow hits you!!
You die...

##### ##...............
#..... ##.............#
#..... #..............
......###....#TR... ..
.................# .
p......(....T...# #.
..............).# #.
................# .
.......@........# .
................# .
........≈≈≈≈.≈≈≈J(.......#
..=.....≈##≈.≈##≈[.....###.
$.......≈###+###Q.c..###..
........≈≈# #≈≈...##...
......≈≈# #≈≈..##..#
#....≈≈# #≈≈.J#..# #....≈#
##≈..#..#


You could see a very large slime creature, a slime creature (wandering), a tengu
warrior, a centaur warrior, a deep troll (wandering), a deep troll earth mage
and a wizard (sleeping).

Vanquished Creatures
  An ice dragon (D:15)
  A centaur warrior (D:13)
  5 hill giants
  3 unseen horrors
  Pikel (D:5)
  5 ugly things (D:15)
  A komodo dragon (D:13)
  A two-headed ogre (D:15)
  3 trolls
  A hornet (D:10)
  3 slime creatures
  Sigmund (D:4)
  6 hippogriffs
  12 yaks
  2 wyverns
  A wraith (D:14)
  A hungry ghost (D:15)
  A vampire (D:10)
  2 basilisks (D:11)
  4 vampire mosquitoes (D:15)
  A steam dragon (D:10)
  Menkaure (D:5)
  Edmund (D:5)
  2 mottled dragons (D:11)
  Duvessa (D:3)
  2 soldier ants (D:10)
  A water moccasin (D:9)
  2 porcupines (D:11)
  10 orc warriors
  2 ice beasts
  3 sky beasts
  A sky beast (shapeshifter) (D:15)
  A black bear (D:9)
  4 phantoms
  2 necrophages (D:11)
  8 ogres
  13 centaurs
  5 crocodiles
  6 big kobolds
  12 bullfrogs
  2 wyvern zombies (Ossuary)
  A water moccasin zombie (Ossuary)
  3 scorpions
  Dowan (D:3)
  A wyvern skeleton (D:15)
  3 killer bees (D:10)
  11 wights
  The ghost of dscm the Digger, a weakling OpEE (D:4)
  3 howler monkeys (D:12)
  8 crimson imps
  8 bullfrog zombies
  3 centaur zombies
  A quasit (D:10)
  4 hounds
  12 orc priests
  2 bullfrog skeletons
  4 gnoll shamans (D:9)
  2 jellies
  16 orc wizards
  3 iguanas
  7 mummies (Ossuary)
  9 centaur skeletons
  Natasha (twice) (D:4)
  14 worker ants
  2 killer bee zombies
  2 hound zombies (Ossuary)
  A hound skeleton (D:5)
  2 howler monkey zombies (D:5)
  A howler monkey skeleton (D:9)
  8 worker ant zombies
  8 gnolls (D:9)
  18 adders
  4 river rats (D:11)
  4 shadow imps
  4 oozes
  3 adder zombies
  3 adder skeletons
  7 worms
  A dart slug (D:4)
  6 leopard geckos
  95 orcs
  4 giant cockroaches
  8 goblins
  3 hobgoblins
  2 jackals (D:2)
  10 quokkas
  5 ball pythons
  14 bats
  3 frilled lizards
  A giant cockroach zombie (D:5)
  A jackal skeleton (D:5)
  8 jackal zombies
  33 kobolds
  A leopard gecko skeleton (D:6)
  3 leopard gecko zombies
  7 quokka zombies
  11 rats
  3 fungi (D:9)
  A plant (D:9)
541 creatures vanquished.

Vanquished Creatures (others)
  A bullfrog zombie (D:9)
  A bush (D:11)
  7 fungi
  9 plants
  A withered plant (Ossuary)
19 creatures vanquished.

Grand Total: 560 creatures vanquished

Notes
Turn   | Place    | Note
-------+----------+-------------------------------------------
     0 | D:1      | equalderp2856 the Felid Fighter began the quest for the Orb.
     0 | D:1      | Reached XP level 1. HP: 10/10 MP: 2/2
   185 | D:1      | Reached XP level 2. HP: 8/14 MP: 3/3
   798 | D:2      | Found a blossoming altar of Fedhas.
   801 | D:2      | Found an ancient bone altar of Kikubaaqudgha.
   810 | D:2      | Found a blossoming altar of Fedhas.
  1117 | D:2      | Reached XP level 3. HP: 14/17 MP: 4/4
  2000 | D:3      | Reached skill level 1 in Stealth
  2000 | D:3      | Reached skill level 5 in Unarmed Combat
  2000 | D:3      | Reached XP level 4. HP: 14/21 MP: 5/5
  2396 | D:3      | Found a glowing drain.
  2445 | Sewer    | Entered a sewer
  2654 | Sewer    | Reached XP level 5. HP: 17/24 MP: 6/6
  3415 | Sewer    | Reached skill level 6 in Unarmed Combat
  3604 | D:3      | Found a stormy altar of Qazlal.
  4297 | D:3      | Gained mutation: You are covered in thick fur. (AC +2) [Felid growth]
  4297 | D:3      | Reached XP level 6. HP: 28/28 MP: 7/7
  4363 | D:4      | Noticed dscm's ghost (weakling OpEE)
  4800 | D:4      | Noticed Dowan
  4804 | D:4      | Noticed Duvessa
  5015 | D:4      | Noticed Natasha
  5185 | D:4      | Reached skill level 5 in Dodging
  5600 | D:4      | Noticed Sigmund
  6248 | D:4      | Reached skill level 7 in Unarmed Combat
  6248 | D:4      | Reached XP level 7. HP: 16/31 MP: 8/8
  6397 | D:5      | Entered Level 5 of the Dungeon
  6433 | D:5      | Found a staircase to the Ecumenical Temple.
  6580 | D:5      | Reached skill level 5 in Stealth
  6626 | D:5      | Noticed Edmund
  6673 | D:6      | Found a shattered altar of Ashenzari.
  6698 | D:6      | Found Otiax's Food Boutique.
  6852 | D:6      | Reached skill level 8 in Unarmed Combat
  6873 | D:6      | Found Beashryfa's General Store.
  6902 | D:6      | Found Boligrin's Distillery.
  7216 | D:7      | Reached XP level 8. HP: 36/36 MP: 9/9
  7307 | D:7      | Found a sand-covered staircase.
  7324 | Ossuary  | Entered an ossuary
  7583 | Ossuary  | Reached skill level 9 in Unarmed Combat
  8957 | D:8      | Found an opulent altar of Gozag.
  8966 | D:8      | Reached skill level 10 in Unarmed Combat
  9013 | D:8      | Reached XP level 9. HP: 38/39 MP: 10/10
  9483 | D:6      | Found Ruvuwk's Jewellery Shop.
  9770 | D:5      | Noticed Pikel
  9803 | D:5      | Found an opulent altar of Gozag.
  9955 | D:4      | Killed Natasha
 10113 | D:3      | Killed Duvessa
 10149 | D:3      | Killed Dowan
 10367 | D:4      | Found a shadowy altar of Dithmenos.
 10586 | D:4      | Killed dscm's ghost
 10586 | D:4      | Reached skill level 11 in Unarmed Combat
 10634 | D:4      | Killed Sigmund
 10651 | D:4      | Noticed Natasha
 10660 | D:4      | Killed Natasha
 11305 | D:5      | Noticed Menkaure
 12271 | D:6      | Found an iron altar of Okawaru.
 13385 | D:8      | Found a sacrificial altar of Ru.
 13385 | D:8      | Found a sparkling altar of Nemelex Xobeh.
 13385 | D:8      | Found a hazy altar of Hepliaklqana.
 13413 | D:8      | Reached XP level 10. HP: 42/42 MP: 11/11
 13599 | D:8      | Reached skill level 12 in Unarmed Combat
 14233 | D:9      | Found a deep blue altar of Sif Muna.
 14405 | D:9      | Reached skill level 10 in Stealth
 14876 | D:5      | Killed Edmund
 14940 | D:5      | Killed Menkaure
 15214 | D:5      | Killed Pikel
 15892 | Temple   | Entered the Ecumenical Temple
 16460 | D:6      | Bought a potion of degeneration for 15 gold pieces
 18294 | D:9      | Reached skill level 13 in Unarmed Combat
 19741 | D:10     | Entered Level 10 of the Dungeon
 20953 | D:10     | Learned a level 2 spell: Blink
 21022 | D:10     | Found Osaomuph's Assorted Antiques.
 21040 | D:10     | Reached XP level 11. HP: 21/46 MP: 12/12
 21354 | D:10     | Bought a bubbling inky potion for 17 gold pieces
 21506 | D:10     | Found a staircase to the Orcish Mines.
 21960 | D:10     | Noticed a hill giant
 22323 | D:10     | Reached skill level 1 in Translocations
 23562 | D:11     | Noticed Psyche
 23945 | D:10     | Reached skill level 14 in Unarmed Combat
 24444 | D:10     | Killed a hill giant
 24715 | D:10     | Noticed a hill giant
 25838 | D:11     | Noticed an unseen horror
 25853 | D:11     | Noticed a hill giant
 25962 | D:11     | Killed an unseen horror
 25962 | D:11     | Reached skill level 1 in Spellcasting
 25965 | D:11     | Reached skill level 1 in Evocations
 26149 | D:11     | Noticed a deep troll
 26153 | D:11     | Noticed a red ugly thing
 26311 | D:12     | Noticed a hill giant
 26314 | D:12     | Killed a hill giant
 26435 | D:12     | Noticed Rupert
 26449 | D:12     | Paralysed by Rupert for 5 turns
 26762 | D:10     | Killed a hill giant
 27055 | D:11     | Noticed an unseen horror
 27058 | D:11     | Found a staircase to the Lair.
 27699 | D:11     | Killed an unseen horror
 27699 | D:11     | Reached skill level 10 in Dodging
 27699 | D:11     | Reached skill level 15 in Unarmed Combat
 27699 | D:11     | Gained mutation: Your thick and shaggy fur keeps you warm. (AC +3, rC+) [Felid growth]
 27699 | D:11     | Reached XP level 12. HP: 36/50 MP: 14/14
 29389 | D:13     | Noticed a centaur warrior
 29405 | D:13     | Killed a centaur warrior
 29540 | D:13     | You fall through a shaft for 2 floors!
 29540 | D:15     | Entered Level 15 of the Dungeon
 29540 | D:15     | Noticed a death knight
 30534 | D:15     | Reached skill level 5 in Fighting
 30539 | D:15     | Reached skill level 16 in Unarmed Combat
 30685 | D:14     | Noticed a death knight
 30864 | D:14     | You fall through a shaft!
 32018 | D:15     | Slain by a cyan ugly thing
 32019 | D:15     | Reached XP level 11. HP: -1/47 MP: 13/13
 32063 | D:15     | Noticed an ice dragon
 32064 | D:15     | Noticed an ice dragon
 32506 | D:15     | Killed an ice dragon
 32506 | D:15     | Reached XP level 12. HP: 15/51 MP: 14/14
 32515 | D:15     | Found a staircase to the Depths.
 32524 | Depths:1 | Entered Level 1 of the Depths
 32712 | Depths:1 | Noticed a centaur warrior
 32721 | Depths:1 | Noticed a stone giant
 32734 | Depths:1 | Found Uskofad's Magic Scroll Shoppe.
 32737 | Depths:1 | Shot with an arrow by a centaur warrior
 32738 | Depths:1 | Reached XP level 11. HP: -18/47 MP: 13/13
 32742 | Depths:1 | Noticed a deep troll
 32758 | Depths:1 | Noticed a tengu warrior
 32771 | Depths:1 | Noticed an ettin
 32772 | Depths:1 | Noticed a deep troll earth mage
 32772 | Depths:1 | Noticed a deep troll
 32780 | Depths:1 | Noticed a deep troll earth mage
 32780 | Depths:1 | Noticed a deep troll
 32783 | Depths:1 | Noticed a deep troll
 32786 | Depths:1 | Noticed a rakshasa
 32787 | Depths:1 | Noticed an ettin
 32789 | Depths:1 | Noticed Jorgrun
 32798 | Depths:1 | Noticed a wizard
 32807 | Depths:1 | Noticed a tengu warrior
 32812 | Depths:1 | Noticed a centaur warrior
 32812 | Depths:1 | Noticed a tengu warrior
 32817 | Depths:1 | Noticed a rakshasa
 32824 | Depths:1 | Shot with an arrow by a centaur warrior

Skill      XL: |  1  2  3  4  5  6  7  8  9 10 11 12 |
---------------+-------------------------------------+-----
Stealth        | 1 2 3 4 5 7 9 11 12 13 | 13.1
Unarmed Combat | 5 6 7 8 10 11 13 15 16 | 16.6
Dodging        | 5 6 7 8 10 11 | 11.4
Fighting       | 4 5 |  5.1
Translocations | 3 |  3.1
Spellcasting   | 1 |  1.2
Evocations     | 2 |  2.5

Action                   |  1- 3 |  4- 6 |  7- 9 | 10-12 || total
-------------------------+-------+-------+-------+-------++-------
Melee: Unarmed           |   115 |   281 |   478 |   991 ||  1865
       Bite              |    11 |    27 |    46 |   102 ||   186
       Punch             |     2 |     5 |    19 |    72 ||    98
 Cast: Blink             |       |       |       |     1 ||     1
Evoke: Wand              |       |       |       |    17 ||    17
  Use: Scroll            |       |    11 |       |    14 ||    25
       Potion            |       |     2 |       |    15 ||    17
 Stab: Sleeping          |     1 |     8 |    17 |    19 ||    45
       Distracted        |       |     2 |     8 |     7 ||    17
  Eat: Chunk             |     7 |    10 |    10 |    20 ||    47
       Pizza             |       |       |       |     3 ||     3
       Beef jerky        |       |       |       |     1 ||     1
       Meat ration       |       |       |       |     1 ||     1
Armor: Skin              |     3 |    10 |    11 |    17 ||    41
Dodge: Dodged            |    98 |   219 |   300 |   662 ||  1279
